 Dungeon Crawl Stone Soup version 0.29.0-13-gc9e81de378 (webtiles) character file.

Game seed: 6170660953553733352

44 RascalDebosk the Cudgeller (level 3, -1/35 HPs)
             Began as a Troll Gladiator on Sept 8, 2022.
             Succumbed to an adder's poison
             ... on level 2 of the Dungeon.
             The game lasted 00:07:28 (841 turns).

RascalDebosk the Cudgeller (Troll Gladiator)         Turns: 841, Time: 00:07:29

Health: -1/35      AC:  4    Str: 22    XL:     3   Next: 39%
Magic:  2/2        EV: 10    Int:  6    God:
Gold:   42         SH:  0    Dex: 11    Spells: 2/2 levels left

rFire   . . .      SeeInvis .   a - +0 flail
rCold   . . .      Faith    .   (no shield)
rNeg    . . .      Spirit   .   b - +0 robe
rPois   .          Reflect  .   c - +0 hat
rElec   .          Harm     .   (no cloak)
rCorr   .          Rampage  .   (gloves unavailable)
Will    .....                   (boots unavailable)
Stlth   +.........              (no amulet)
HPRegen 0.91/turn               (no ring)
MPRegen 0.08/turn               (no ring)

@: lethally poisoned (-1 -> -5)
A: large, unfitting armour, claws 3, regeneration 1, shaggy fur 1, tough skin 1
a: no special abilities


You were on level 2 of the Dungeon.
You visited 1 branch of the dungeon, and saw 2 of its levels.

You collected 42 gold pieces.

Inventory:

Hand Weapons
 a - a +0 flail (weapon)
Missiles
 d - 3 throwing nets (quivered)
 e - a large rock
 m - 4 poisoned darts
Armour
 b - a +0 robe (worn)
 c - a +0 hat (worn)
Jewellery
 o - an amulet of the acrobat
Scrolls
 f - 2 scrolls of identify {unknown}
 h - a scroll of blinking {unknown}
 j - a scroll of magic mapping {unknown}
 k - a scroll of teleportation {unknown}
Potions
 g - 2 potions of cancellation {unknown}
 i - a potion of curing {unknown}
 l - a potion of resistance {unknown}
 n - 2 potions of flight {unknown}


   Skills:
 + Level 2.0 Fighting
 + Level 3.1 Maces & Flails
 + Level 2.3 Throwing
 + Level 2.8 Dodging


You had 2 spell levels left.
You didn't know any spells.
Your spell library contained the following spells:

 Spells                   Type           Power      Damage    Failure   Level
 Dispersal                Tloc           0%         N/A       100%        6
 Disjunction              Tloc           0%         N/A       100%        8


Dungeon Overview and Level Annotations

Branches:
Dungeon (2/15)

Altars:


Innate Abilities, Weirdness & Mutations

You are too large for most types of armour.
You have claws for hands.
Your natural rate of healing is unusually fast.
You are covered in fur. (AC +1)
You have tough skin. (AC +1)


Message History

The adder barely misses you. The adder bites you but does no damage.
You barely miss the adder. The adder barely misses you. The adder bites you.
You closely miss the adder. The adder bites you.
You miss the adder. The adder bites you.
You are poisoned.
The adder poisons you! The adder bites you but does no damage.
You barely miss the adder.
You feel sick. The adder bites you.
You are more poisoned.
The adder poisons you!
You closely miss the adder.
You feel sick. The adder bites you but does no damage.
The adder closely misses you.
You miss the adder.
You feel sick. The adder barely misses you.
You hit the adder but do no damage.
You feel sick. The adder bites you.
You are more poisoned.
The adder poisons you! The adder bites you.
You are more poisoned.
The adder poisons you!
You closely miss the adder. Your claw misses the adder.
You feel very sick.
The adder bites you but does no damage. x2
You closely miss the adder.
You feel very sick. The adder misses you.
You barely miss the adder.
You feel very sick. The adder barely misses you. The adder bites you.
* * * LOW HITPOINT WARNING * * *
You thump the adder!
The adder is severely wounded.
You feel sick. The adder bites you but does no damage.
You closely miss the adder.
The adder is severely wounded.
You feel sick. The adder bites you.
* * * LOW HITPOINT WARNING * * *
You are lethally poisoned!
The adder poisons you! The adder bites you.
* * * LOW HITPOINT WARNING * * *
You hit the adder.
The adder is almost dead.
You die...

#...).).#†#
###.####.#####.#.#
..........>..#...#
###...[..#.#.#####
########.#.# ..
#.#.# #. #...#
##S##.### #..@..#
#####.# #.# #.#
#.# #r# #.# #.#


You could see an adder.

Vanquished Creatures
  An adder (D:2)
  3 dart slugs (D:1)
  4 ball pythons (D:1)
  3 bats
  2 endoplasms (D:1)
  A goblin (D:2)
  6 hobgoblins (D:1)
  2 quokkas (D:1)
  3 kobolds
  3 rats (D:1)
28 creatures vanquished.

Vanquished Creatures (others)
  A plant (D:1)
1 creature vanquished.

Grand Total: 29 creatures vanquished

Notes
Turn   | Place    | Note
-------+----------+-------------------------------------------
     0 | D:1      | RascalDebosk the Troll Gladiator began the quest for the
                  | Orb.
     0 | D:1      | Reached XP level 1. HP: 19/19 MP: 0/0
    93 | D:1      | Reached XP level 2. HP: 28/28 MP: 1/1
   283 | D:1      | Found a faded altar of an unknown god.
   561 | D:1      | Reached skill level 3 in Maces & Flails
   697 | D:1      | Reached XP level 3. HP: 27/35 MP: 2/2
   840 | D:2      | HP: 1/35 [adder (2)]
   841 | D:2      | Succumbed to an adder's poison

Illustrated notes

Levels and vault maps discovered:
D:1:      roderic_dead_forest, layout_loops_ring,
          shapermc_ecumenical_altar_mp_urbaneastern, minmay_3d_cube
D:2:      layout_basic, kennysheep_generic_room_14

Skill      XL: |  1  2 |
---------------+-------+-----
Throwing       | 2 |  2.3
Maces & Flails | 3 |  3.1
Fighting       | 2 |  2.0
Dodging        | |  2.8

Action                   || total
-------------------------++-------
Melee: Flail             ||   110
 Stab: Sleeping          ||     2
Armor: Robe              ||    33
Dodge: Dodged            ||    64
